 Dungeon Crawl Stone Soup version 0.21.1-1-g345015fe64 (webtiles) character file.

1022 Gargoyl the Agent of Entropy (level 8, -9/66 HPs)
             Began as a Centaur Abyssal Knight on Apr 24, 2018.
             Was a Priest of Lugonu.
             Mangled by a wight
             ... wielding a cursed +4 great sword
              (14 damage)
             ... on level 6 of the Dungeon.
             The game lasted 00:10:41 (6402 turns).

Gargoyl the Agent of Entropy (CeAK)                 Turns: 6402, Time: 00:10:42

Health: -9/66      AC: 10    Str: 15      XL:     8   Next: 2%
Magic:  11/11      EV:  3    Int: 11      God:    Lugonu [***...]
Gold:   333        SH:  3    Dex: 10 (11) Spells: 7/7 levels left

rFire    . . .     SeeInvis .   h - +0 broad axe
rCold    . . .     Gourm    .   m - +0 buckler
rNeg     . . .     Faith    .   k - +0 chain mail
rPois    .         Spirit   .   (no helmet)
rElec    .         Reflect  .   (no cloak)
rCorr    .         Harm     .   d - +2 pair of gloves
MR       .....                  (no barding)
Stlth    ..........             (no amulet)
HPRegen  0.21/turn              (no ring)
MPRegen  0.12/turn              (no ring)

@: heavily drained, very quick
A: large, hooves 3, deformed body, deterioration 1, speed 2, tough skin 3, wild
magic 1
a: Depart the Abyss, Bend Space, Banish, Renounce Religion


You were on level 6 of the Dungeon.
You worshipped Lugonu.
Lugonu was most pleased with you.
You were hungry.

You visited 1 branch of the dungeon, and saw 6 of its levels.
You visited the Abyss 1 time.

You collected 333 gold pieces.

Inventory:

Hand Weapons
 a - a +2 hand axe
 h - a +0 broad axe (weapon)
 o - a +0 hand axe of flaming
Armour
 d - a +2 pair of gloves (worn)
 k - a +0 chain mail (worn)
 m - a +0 buckler (worn)
Wands
 q - a wand of digging (17)
 t - a wand of flame (13)
 u - a wand of scattershot (4)
Scrolls
 e - 3 scrolls of identify
 f - 7 scrolls of teleportation
 s - 2 scrolls of enchant armour
Potions
 b - a potion of ambrosia
 g - 2 potions of berserk rage
 i - a potion of flight
 j - 4 potions of heal wounds
 l - a potion of lignification {unknown}
 n - 3 potions of curing
 r - 2 potions of haste
Comestibles
 c - 15 rations


   Skills:
 + Level 4.2(2.2) Fighting
 + Level 4.6(2.5) Axes
 * Level 4.4(2.3) Armour
 + Level 1.2(0.0) Dodging
 + Level 0.2(0.0) Shields
 * Level 5.1(3.0) Invocations


You had 7 spell levels left.
You didn't know any spells.

Dungeon Overview and Level Annotations

Branches:
Dungeon (6/15)
 Temple: D:4-7

Altars:
Trog
Wu Jian


Innate Abilities, Weirdness & Mutations

You have hooves in place of feet.
Armour fits poorly on your strangely shaped body.
You cover ground very quickly.
You have extremely tough skin. (AC +3)
Your body sometimes deteriorates upon taking damage.
Your spells are a little harder to cast, but a little more powerful.


Message History

The gnoll hits you from afar with a spear.
The wight hits you with an enchanted great sword!
You feel drained. The gnoll barely misses you.
The phantom blinks!
You closely miss the wight. You kick the wight, but do no damage.
The wight hits you with an enchanted great sword.
You feel drained.
* * * LOW HITPOINT WARNING * * *
The gnoll hits you but does no damage.
You closely miss the wight. You kick the wight, but do no damage.
The gnoll hits you but does no damage.
The wight hits you with an enchanted great sword!
* * * LOW HITPOINT WARNING * * *
You feel drained.
* * * LOW HITPOINT WARNING * * *
The gnoll hits you but does no damage.
Press: ? - help, Shift-Dir - straight line, f - wight
Aim: a wight, wielding an enchanted great sword and wearing a robe (chance to defeat MR: 81%)
You fail to use your ability.
The wight hits you with an enchanted great sword!
You die...

#........##.....#
#........##.....#
#...............#
###.########[...##. #
##...........# .....
#..###....#### ..... ##.##
#..(...## .....
...#####..######.##..# #....
..........W@zg)g.###.###...#
..#####..#######(...........
#.....## ##...#.##.#..
..#.....###########....z..#.
............................g
...#)....####.............#..
## #........#.######.......#.
#....#.....# #.......#.
#####..##.#######.........


You could see a phantom, a wight and 2 gnolls.

Vanquished Creatures
  A black bear (D:3)
  A phantom (D:6)
  An ogre (D:5)
  A centaur (D:6)
  2 wights (D:6)
  A howler monkey (D:5)
  2 hounds
  An orc wizard (D:4)
  An orc priest (D:3)
  A bullfrog skeleton (D:4)
  Ijyb (D:3)
  An iguana (D:4)
  6 worker ants
  4 gnolls
  3 adders
  A shadow imp (D:5)
  3 oozes
  4 dart slugs
  8 leopard geckos
  19 orcs
  7 bats
  5 giant cockroaches
  5 goblins
  5 hobgoblins
  9 jackals
  6 quokkas
  A ball python (D:5)
  3 frilled lizards
  13 kobolds
  A leopard gecko skeleton (D:6)
  6 rats
123 creatures vanquished.

Notes
Turn   | Place    | Note
-------+----------+-------------------------------------------
     0 | Abyss:1  | Gargoyl the Centaur Abyssal Knight began the quest for the Orb.
     0 | Abyss:1  | Reached XP level 1. HP: 19/19 MP: 2/2
   137 | Abyss:2  | Noticed an earth elemental
   184 | Abyss:2  | Noticed a small abomination
   185 | D:1      | Escaped the Abyss
   258 | D:1      | Reached XP level 2. HP: 14/26 MP: 3/3
   519 | D:1      | Reached * piety under Lugonu
   921 | D:1      | Reached XP level 3. HP: 31/31 MP: 4/4
  2327 | D:3      | Reached ** piety under Lugonu
  2526 | D:3      | Noticed a black bear
  2553 | D:3      | Killed a black bear
  2553 | D:3      | Reached skill level 1 in Dodging
  2553 | D:3      | Reached XP level 4. HP: 28/38 MP: 4/6
  2553 | D:3      | Reached XP level 5. HP: 33/45 MP: 4/7
  2698 | D:3      | Noticed Ijyb
  2708 | D:3      | Killed Ijyb
  2833 | D:3      | Reached skill level 3 in Invocations
  3230 | D:3      | Gained mutation: Your body sometimes deteriorates upon taking damage. [potion of mutation]
  3230 | D:3      | Gained mutation: Your spells are a little harder to cast, but a little more powerful. [potion of mutation]
  3463 | D:4      | Found an ornate altar of the Wu Jian Council.
  3473 | D:4      | Reached XP level 6. HP: 51/51 MP: 8/8
  4452 | D:4      | Found a bloodstained altar of Trog.
  4714 | D:5      | Entered Level 5 of the Dungeon
  4834 | D:5      | Reached skill level 4 in Invocations
  4971 | D:5      | Reached *** piety under Lugonu
  4979 | D:5      | Reached XP level 7. HP: 49/59 MP: 10/10
  6315 | D:6      | Reached skill level 5 in Invocations
  6330 | D:6      | Reached XP level 8. HP: 63/66 MP: 11/11
  6402 | D:6      | Mangled by a wight

Skill      XL: |  1  2  3  4  5  6  7 |
---------------+----------------------+-----
Axes           | 2 3 4 |  4.6
Armour         | 2 3 4 |  4.4
Dodging        | 1 |  1.2
Invocations    | 3 4 5 |  5.1
Fighting       | 4 |  4.2
Shields        | |  0.2

Action                   |  1- 3 |  4- 6 |  7- 9 || total
-------------------------+-------+-------+-------++-------
Melee: Broad axe         |   172 |   188 |   113 ||   473
       Kick              |    22 |    37 |    19 ||    78
Invok: Depart the Abyss  |     1 |       |       ||     1
       Banish            |       |       |     1 ||     1
Evoke: Wand              |       |     1 |       ||     1
  Use: Scroll            |     7 |     8 |     4 ||    19
       Potion            |       |     1 |       ||     1
  Eat: Chunk             |     3 |     8 |     4 ||    15
Armor: Ring mail         |    46 |       |       ||    46
       Chain mail        |   176 |   175 |    92 ||   443
Dodge: Dodged            |    67 |    40 |    22 ||   129
Block: Buckler           |       |     7 |    25 ||    32
